 Dungeon Crawl Stone Soup version 0.27.0-66-gdc8fb28755 (webtiles) character file.

Game seed: 15117804569430011833

0 Spectrina the Sneak (level 1, -11/13 HPs)
             Began as a Vampire Delver on Aug 20, 2021.
             Mangled by an ogre (24 damage)
             ... on level 5 of the Dungeon.
             The game lasted 00:01:01 (188 turns).

Spectrina the Sneak (Vampire Delver)                 Turns: 188, Time: 00:01:02

Health: -11/13     AC:  7    Str: 11    XL:     1   Next: 0%
Magic:  1/1        EV: 12    Int: 12    God:
Gold:   15         SH:  0    Dex: 15    Spells: 0/0 levels left

rFire    . . .     SeeInvis +   a - +0 short sword
rCold    + + .     Faith    .   (no shield)
rNeg     + + +     Spirit   .   b - +0 leather armour
rPois    ∞         Reflect  .   (no helmet)
rElec    .         Harm     .   (no cloak)
rCorr    .         Rampage  .   (no gloves)
Will     .....                  (no boots)
Stlth    +++++.....             (no amulet)
HPRegen  0.00/turn              h - +4 ring of protection
MPRegen  0.07/turn              (no ring)

@: bloodless, inhibited regen
A: bloodless, fangs 3, see invisible, vampiric 1
a: Revivify


You were on level 5 of the Dungeon.
You visited 1 branch of the dungeon, and saw 2 of its levels.

You collected 15 gold pieces.

Inventory:

Hand Weapons
 a - a +0 short sword (weapon)
Armour
 b - a +0 leather armour (worn)
Jewellery
 h - a +4 ring of protection (left hand)
Wands
 g - a wand of digging (3)
Scrolls
 c - a scroll of fog
 d - a scroll of magic mapping
 e - a scroll of fear
 i - a scroll of silence {unknown}
Potions
 f - a potion of haste


   Skills:
 - Level 2.6 Fighting
 - Level 2.1 Short Blades
 - Level 2.1 Dodging
 + Level 7.2 Stealth


You couldn't memorise any spells.
You didn't know any spells.
Your spell library was empty.

Dungeon Overview and Level Annotations

Branches:
Dungeon (6/15)             Temple (0/1) D:5

Altars:


Innate Abilities, Weirdness & Mutations

You do not regenerate when monsters are visible.
You are frail without blood (-20% HP).
You can heal yourself when you bite living creatures.
You are immune to poison.
You have razor-sharp teeth.
You have supernaturally acute eyesight. (SInv)
You are afflicted with vampirism.


Message History

Found a stone staircase leading down.
There is a stone staircase leading down here.
You climb downwards.
There is a stone staircase leading up here.
Unknown command.
There is a stone staircase leading up here.
You climb upwards.
There is a stone staircase leading down here.
You enter the shallow water.
Moving in this stuff is going to be slow.
You enter the shallow water.
Moving in this stuff is going to be slow.
You open the door.
Unknown command.
Found 15 gold pieces and a scroll labelled NYNKEOPTELA.
There is an open door here.
Unknown command.
Found a bone ring.
h - a +4 ring of protection
h - a +4 ring of protection (left hand)
i - a scroll labelled NYNKEOPTELA You now have 15 gold pieces.
There is an open door here.
You enter the shallow water.
Moving in this stuff is going to be slow.
Found 22 arrows.
An orc comes into view. It is wielding a +0 club.
Unknown command.
An ogre comes into view. It is wielding a +0 giant club.
Found a staircase to the Ecumenical Temple.
An ogre comes into view. It is wielding a +0 giant spiked club.
Okay, then.
Okay, then.
Okay, then.
Okay, then.
The ogre shouts!
The ogre barely misses you.
The ogre hits you with a +0 giant spiked club!!
Ouch! That really hurt!
You die...

###≈≈# ##≈# ####≈≈#
######≈≈≈≈##
#########≈≈≈≈≈≈...#
≈≈≈≈≈≈##≈≈......#.##
#.≈##≈≈..######...
≈≈#####O≈≈≈≈..##
##.. .......@.....##
#.. ##############
#.. #.. #.. #.. #..


You could see an ogre.

Vanquished Creatures (others)
  2 plants (D:5)
2 creatures vanquished.

Notes
Turn   | Place    | Note
-------+----------+-------------------------------------------
     0 | D:5      | Spectrina the Vampire Delver began the quest for the Orb.
     0 | D:5      | Reached XP level 1. HP: 17/17 MP: 1/1
   172 | D:5      | Found a staircase to the Ecumenical Temple.
   172 | D:5      | Noticed an ogre
   181 | D:5      | Noticed an ogre
   188 | D:5      | Mangled by an ogre

Illustrated notes

Levels and vault maps discovered:
D:5:      layout_basic, lemuel_doored_altar, minmay_temple_entry_crystal_x,
          serial_bayou_lagoon_a, kennysheep_small_spiral, minmay_manual_mullet
D:6:      layout_layer_cave, mainiacjoe_overflow_brackets, minitemple,
          serial_glass, glass_columns_a, glass_columns_c

Action                   || total
-------------------------++-------
 Abil: Exsanguinate      ||     1
Dodge: Dodged            ||     1
